 Dungeon Crawl Stone Soup version 0.31.0-32-g396128a36d (webtiles) character file.

Game seed: 8564633526066824494

596 Udruchatel the Conjurer (level 7, 32/32 HPs)
             Began as a Felid Conjurer on Apr 2, 2024.
             Quit the game on level 5 of the Dungeon.
             The game lasted 00:26:53 (4612 turns).

Udruchatel the Conjurer (Felid Conjurer)            Turns: 4612, Time: 00:26:53

Health: 32/32      AC:  2    Str:  3    XL:     7   Next: 17%
Magic:  8/14       EV: 18    Int: 23    God:
Gold:   156        SH:  0    Dex: 15    Spells: 11/14 levels left
                                        Lives:  0   Deaths: 3

rFire   . . .        (weapon unavailable)
rCold   . . .        (shield unavailable)
rNeg    . . .        (body armour unavailable)
rPois   .            (helmet unavailable)
rElec   .            (cloak unavailable)
rCorr   .            (gloves unavailable)
SInv    +            (boots unavailable)
Will    +....        (no amulet)
Stlth   ++           (no ring)
HPRegen 0.25/turn    (no ring)
MPRegen 0.14/turn

%: no passive effects
@: no status effects
A: very small, claws 1, fangs 3, see invisible, shaggy fur 2, stealthy paws, no
weapons or thrown items, no armour, multi-lived
a: no special abilities


You were on level 5 of the Dungeon.
You visited 2 branches of the dungeon, and saw 6 of its levels.

You collected 180 gold pieces.
You spent 24 gold pieces at shops.

Inventory:

Wands
 q - a wand of acid (12)
Scrolls
 c - a scroll of enchant weapon
 d - a scroll of teleportation
 e - a scroll of immolation
 f - a scroll of blinking {unknown}
 j - a scroll of fog {unknown}
 k - 3 scrolls of amnesia {unknown}
 n - a scroll of fear {unknown}
 o - a scroll of revelation {unknown}
Potions
 a - a potion of magic
 b - a potion of heal wounds {unknown}
 g - a potion of haste {unknown}
 h - 2 potions of mutation {unknown}
 i - a potion of berserk rage {unknown}
 l - 5 potions of curing
 m - 3 potions of enlightenment
 p - a potion of brilliance {unknown}


   Skills:
 + Level 0.3 Fighting
 + Level 3.9 Dodging
 + Level 3.5 Stealth
 + Level 0.9 Unarmed Combat
 + Level 4.1 Spellcasting
 * Level 6.4 Conjurations


You had 11 spell levels left.
You knew the following spells:

 Your Spells              Type           Power      Damage    Failure   Level
a - Magic Dart            Conj           100%       1d8       1%          1
b - Searing Ray           Conj           68%        2d6       1%          2

Your spell library contained the following spells:

 Spells                   Type           Power      Damage    Failure   Level
 Fulminant Prism          Conj/Alch      9%         3d6       26%         4
 Iskenderun's Mystic Bla  Conj/Tloc      19%        2d6       26%         4
 Sculpt Simulacrum        Ice/Alch       2%         N/A       100%        6
 Ozocubu's Refrigeration  Ice            2%         4d7       100%        7
 Polar Vortex             Ice            2%         N/A       100%        9


Dungeon Overview and Level Annotations

Branches:
Dungeon (5/15)             Temple (1/1) D:4

Altars:
Ashenzari
Cheibriados
Elyvilon
Fedhas
Gozag
Kikubaaqudgha
Makhleb
Nemelex Xobeh
Okawaru
Ru
Sif Muna
Trog
Wu Jian
Xom
Yredelemnul
Zin

Shops:
D:1 ?


Innate Abilities, Weirdness & Mutations

You have sharp claws.
You have razor-sharp teeth.
You have supernaturally acute eyesight. (SInv)
You are covered in thick fur. (AC +2)
Your paws help you pounce on unaware monsters.
You are incapable of wielding weapons or throwing items.
You cannot wear armour.
You gain extra lives every three experience levels.


Message History

a +0 leather armour; a +0 whip; an orc skeleton
There is a stone staircase leading down here.
You climb downwards.
Found 13 gold pieces and a scale mail.
There is a stone staircase leading up here.
Aiming: Magic Dart (safe; 1% risk of failure)
Press: ? - help, Q - select action, (/) - cycle Shift-Dir - straight line, f - quokka
Aim: a quokka (asleep, 100% to hit)
The magic dart hits the quokka.
The quokka is severely wounded.
Aiming: Magic Dart (safe; 1% risk of failure)
Press: ? - help, Q - select action, (/) - cycle Shift-Dir - straight line, f/p - quokka
Aim: a quokka (heavily wounded, 100% to hit)
The magic dart hits the quokka.
The quokka is almost dead.
Aiming: Magic Dart (safe; 1% risk of failure)
Press: ? - help, Q - select action, (/) - cycle Shift-Dir - straight line, f/p - quokka
Aim: a quokka (almost dead, 100% to hit)
The magic dart hits the quokka.
You kill the quokka!
Aiming: Magic Dart (safe; 1% risk of failure)
Press: ? - help, Q - select action, (/) - cycle Shift-Dir - straight line, f - quokka
Aim: a quokka (asleep, 100% to hit)
The magic dart hits the quokka.
The quokka is severely wounded.
Aiming: Magic Dart (safe; 1% risk of failure)
Press: ? - help, Q - select action, (/) - cycle Shift-Dir - straight line, f/p - quokka
Aim: a quokka (severely wounded, 100% to hit)
The magic dart hits the quokka.
The quokka is almost dead.
Aiming: Magic Dart (safe; 1% risk of failure)
Press: ? - help, Q - select action, (/) - cycle Shift-Dir - straight line, f/p - quokka
Aim: a quokka (almost dead, 100% to hit)
The magic dart hits the quokka.
You kill the quokka!
Saving game... please wait.
Welcome back, Udruchatel the Felid Conjurer.
Press ? for a list of commands and other information.
Unknown command.
Are you sure you want to abandon this character and quit the game? (Confirm with "yes".)

#. #..# .# #..#
.. #..# .##..#
. [...# ...
#...#
.....#...######
#...@$......
........#######
##.#.#.## # ..
.## #. #


There were no monsters in sight!

Vanquished Creatures
  A black bear (D:4)
  A centaur (D:4)
  The ghost of po7itron the Trooper, an amateur GrFi (D:3)
  A phantom (D:4)
  A bombardier beetle (D:4)
  A jelly (D:4)
  An orc priest (D:3)
  An orc wizard (D:3)
  6 adders
  2 dart slugs
  A ribbon worm (D:3)
  14 orcs
  7 ball pythons
  6 bats
  5 endoplasms
  2 giant cockroaches
  14 goblins
  6 hobgoblins
  5 quokkas
  6 kobolds
  4 rats
86 creatures vanquished.

Notes
Turn   | Place    | Note
-------+----------+-------------------------------------------
     0 | D:1      | Udruchatel the Felid Conjurer began the quest for the Orb.
     0 | D:1      | Reached XP level 1. HP: 9/9 MP: 4/4
   297 | D:1      | Found Iniaref's Magic Scroll Shoppe.
   346 | D:1      | Reached XP level 2. HP: 13/13 MP: 0/6
   519 | D:1      | Reached skill level 4 in Conjurations
   870 | D:1      | Bought a scroll of identify for 24 gold pieces
   965 | D:2      | Reached XP level 3. HP: 16/16 MP: 3/7
  1434 | D:2      | Reached XP level 4. HP: 21/21 MP: 5/9
  1434 | D:2      | Gained a life (2 lives remaining)
  2498 | D:3      | Found a runed translucent gate.
  2498 | D:3      | Found a runed translucent gate.
  2500 | D:3      | Found a runed translucent gate.
  2505 | D:3      | Noticed po7itron's ghost (amateur GrFi)
  2505 | D:3      | Identified the +5 whip of Doom {spect, Dex+3}
  2796 | D:4      | Reached XP level 5. HP: 24/24 MP: 7/10
  2799 | D:4      | Learned a level 2 spell: Searing Ray
  3084 | D:4      | Found a staircase to the Ecumenical Temple.
  3092 | Temple   | Entered the Ecumenical Temple
  3109 | D:4      | Noticed a centaur
  3113 | D:4      | Reached skill level 5 in Conjurations
  3418 | D:4      | Noticed a phantom
  3445 | D:4      | Killed a phantom
  3446 | D:4      | Gained mutation: You are covered in thick fur. (AC +2)
                  | [Felid growth]
  3446 | D:4      | Reached XP level 6. HP: 11/29 MP: 0/12
  3713 | D:4      | Killed from afar by a centaur
  3713 | D:4      | Lost a life (1 life remaining)
  3816 | D:4      | Shot with an arrow by a centaur
  3816 | D:4      | Lost a life (0 lives remaining)
  3956 | D:4      | Reached skill level 6 in Conjurations
  4300 | D:3      | Reached XP level 7. HP: 32/32 MP: 4/14
  4300 | D:3      | Gained a life (1 life remaining)
  4406 | D:3      | Slain by po7itron's ghost
  4406 | D:3      | Lost a life (0 lives remaining)
  4427 | D:3      | Killed po7itron's ghost
  4605 | D:5      | Entered Level 5 of the Dungeon
  4612 | D:5      | Quit the game

Illustrated notes

Levels and vault maps discovered:
D:1:      shiori_arrival_elements, layout_basic, serial_shops, shop,
          minmay_split_cup_small
D:2:      layout_basic, kennysheep_flooded_box, kennysheep_decorative_pillar,
          hangedman_decor_peaks_small
D:3:      cheibrodos_old_hovel, layout_rooms, biasface_ghost_orc_armoury
D:4:      minmay_angry_zag, layout_basic, minmay_temple_entry_hall
D:5:      layout_loops_ring, nicolae_qazlal_beasts_of_the_sky,
          gammafunk_temple_overflow_statue
Temple:   nicolae_temple_slightly_damp_pantheon

Skill      XL: |  1  2  3  4  5  6 |
---------------+-------------------+-----
Stealth        | 3 |  3.5
Conjurations   | 4 5 6 |  6.4
Dodging        | 3 |  3.9
Spellcasting   | 3 4 |  4.1
Fighting       | |  0.3
Unarmed Combat | |  0.9

Action                     |  1- 3 |  4- 6 |  7- 9 || total
---------------------------+-------+-------+-------++-------
  Melee: Unarmed           |    26 |    13 |       ||    39
         Bite              |     4 |     1 |       ||     5
   Cast: Magic Dart        |    61 |   132 |    23 ||   216
         Searing Ray       |       |     3 |     4 ||     7
    Use: Scroll            |     3 |     2 |       ||     5
 Armour: Skin              |    11 |    20 |     7 ||    38
  Dodge: Dodged            |    24 |    40 |     6 ||    70
